 Dungeon Crawl Stone Soup version 0.31-a0-963-ga325b2283a (webtiles) character file.

Game seed: 3843632838178212415

178 night the Ruffian (level 5, 0/43 HPs)
             Began as a Merfolk Berserker on Oct 25, 2023.
             Was a Believer of Trog.
             Slain by an orc wizard
             ... wielding a +0 dagger
              (2 damage)
             ... on level 3 of the Dungeon.
             The game lasted 00:03:43 (1878 turns).

night the Ruffian (Merfolk Berserker)               Turns: 1878, Time: 00:03:44

Health: 0/43       AC:  2    Str: 19    XL:     5   Next: 58%
Magic:  5/5        EV: 13    Int:  6    God:    Trog [**....]
Gold:   29         SH:  0    Dex: 14    Spells: 4/4 levels left

rFire   . .          .
                       - Unarmed
rCold   . . .        (no shield)
rNeg    . . .        a - +0 animal skin
rPois   .            (no helmet)
rElec   .            (no cloak)
rCorr   .            (no gloves)
SInv    .            (no boots)
Will    ++...        m - amulet of regeneration
Stlth   +            (no ring)
HPRegen 2.07/turn    (no ring)
MPRegen 0.09/turn

%: no passive effects
@: strong-willed, on berserk cooldown, regenerating, slowed, very slow
A: (nimble swimmer 2), mertail
a: Renounce Religion, Berserk, Trog's Hand


You were on level 3 of the Dungeon.
You worshipped Trog.
Trog was pleased with you.
You visited 1 branch of the dungeon, and saw 3 of its levels.

You collected 29 gold pieces.

Inventory:

Hand Weapons
 g - a +2 dagger of draining
Missiles
 c - 20 stones
 l - 2 poisoned darts
 p - 6 curare-tipped darts
Armour
 a - a +0 animal skin (worn)
 h - a +0 helmet
Jewellery
 m - an amulet of regeneration (around neck)
Scrolls
 d - 3 scrolls of identify {unknown}
 e - a scroll of silence {unknown}
 j - a scroll of brand weapon {unknown}
 k - a scroll of revelation {unknown}
 n - a scroll of enchant armour {unknown}
Potions
 b - a potion of degeneration {unknown}
 f - 3 potions of heal wounds
 i - a potion of ambrosia {unknown}
 o - 2 potions of curing {unknown}
 q - a potion of enlightenment {unknown}


   Skills:
 + Level 4.4 Fighting
 - Level 1.3 Armour
 + Level 4.2 Dodging
 * Level 5.3 Unarmed Combat


You had 4 spell levels left.
You didn't know any spells.
Your spell library was empty.

Dungeon Overview and Level Annotations

Branches:
Dungeon (3/15)

Altars:

Annotations:
D:3 2 transporters, MrCrawl's ghost, amateur DrFE


Innate Abilities, Weirdness & Mutations

((You are very nimble when in or above water. (Stealth+, EV+, Speed+++)))
Your lower body shifts to a powerful aquatic tail in water.


Message History

The orc priest hits you with a +0 hand axe.
Something hits you.
The orc priest mumbles some strange prayers to Beogh against you.
You barely resist. Something hits you.
You bump into the rock wall.
The orc priest calls down the wrath of Beogh upon you.
Beogh smites you!
* * * LOW HITPOINT WARNING * * *
Something hits you.
* * * LOW HITPOINT WARNING * * *
You bump into the rock wall.
You feel less confused. The orc priest completely misses you.
Something hits you.
* * * LOW HITPOINT WARNING * * *
The orc priest mumbles some strange prayers to Beogh against you.
You barely resist. Something hits you but does no damage.
It was a potion of heal wounds.
You feel much better.
The orc priest hits you with a +0 hand axe.
Something hits you.
Your skin crawls.
You feel strong-willed.
The orc priest hits you with a +0 hand axe.
Something hits you.
The orc priest looks braver for a moment.
Something hits you.
You hit the orc priest.
The orc priest is heavily wounded.
The orc priest hits you with a +0 hand axe.
Something hits you.
You hit the orc priest.
The orc priest is severely wounded.
The orc priest hits you with a +0 hand axe.
Something hits you.
You hit the orc priest.
The orc priest is almost dead.
The orc priest calls down the wrath of Beogh upon you.
Beogh smites you!
* * * LOW HITPOINT WARNING * * *
Something hits you.
You die...

...... #. ....... #.##
$......+ #..# .......##
#..# .......#########
#..# ..........#o@..#
#..#
#....o.#{##.###..##
#......oo##...#...#
##..o...######.#.#.####
#.(.†#### #...#....###
.....o†####
########...# .......
###.#### ......# #.....
...... ##....


You could see an orc priest and 2 orcs.

Vanquished Creatures
  A phantom (D:3)
  Robin (D:2)
  An adder (D:2)
  A worm (D:2)
  A dart slug (D:1)
  2 orcs (D:3)
  8 ball pythons
  5 endoplasms
  5 giant cockroaches
  11 goblins
  8 hobgoblins
  5 jackals
  4 kobolds
  3 quokkas
  4 bats
  7 frilled lizards
  4 rats
71 creatures vanquished.

Notes
Turn   | Place    | Note
-------+----------+-------------------------------------------
     0 | D:1      | night the Merfolk Berserker began the quest for the Orb.
     0 | D:1      | Reached XP level 1. HP: 18/18 MP: 1/1
    49 | D:1      | Reached XP level 2. HP: 15/24 MP: 2/2
   383 | D:1      | Reached XP level 3. HP: 20/29 MP: 3/3
   444 | D:1      | Reached skill level 4 in Unarmed Combat
   550 | D:1      | Reached ** piety under Trog
   832 | D:2      | Noticed Robin
   914 | D:2      | Killed Robin
   916 | D:2      | Reached XP level 4. HP: 33/37 MP: 4/4
  1693 | D:3      | Found a transporter.
  1695 | D:3      | Found a transporter.
  1696 | D:3      | Noticed MrCrawl's ghost (amateur DrFE)
  1700 | D:3      | Identified the +9 dire flail "Cetsea" {freeze, Int+4}
  1700 | D:3      | Noticed an ogre
  1739 | D:3      | Noticed a phantom
  1751 | D:3      | Killed a phantom
  1752 | D:3      | Reached skill level 5 in Unarmed Combat
  1752 | D:3      | Reached XP level 5. HP: 43/43 MP: 5/5
  1836 | D:3      | Reached *** piety under Trog
  1872 | D:3      | HP: 5/43 [orc priest/divine providence (12)]
  1872 | D:3      | HP: 1/43 [something (4)]
  1878 | D:3      | HP: 2/43 [orc priest/divine providence (14)]
  1878 | D:3      | Slain by an orc wizard

Illustrated notes

Levels and vault maps discovered:
D:1:      scummos_arrival_hexagon, layout_loops_ring
D:2:      layout_loops_cross, uniq_robin
D:3:      layout_basic, gammafunk_ghost_smash

Skill      XL: |  1  2  3  4 |
---------------+-------------+-----
Dodging        | 3 4 |  4.2
Unarmed Combat | 4 5 |  5.3
Fighting       | 4 |  4.4
Armour         | |  1.3

Action                     |  1- 3 |  4- 6 || total
---------------------------+-------+-------++-------
  Melee: Unarmed           |   108 |   106 ||   214
         Punch             |     4 |     3 ||     7
 Invoke: Berserk           |     1 |     1 ||     2
         Trog's Hand       |       |     1 ||     1
    Use: Potion            |       |     1 ||     1
 Armour: Animal skin       |    42 |    69 ||   111
  Dodge: Dodged            |    66 |    61 ||   127

Table legend: (Time is in decaauts)
 A = Elapsed time spent in this place.
 B = Non-inter-level travel time spent in this place.
 C = Inter-level travel time spent in this place.
 D = Time resting spent in this place.
 E = Time spent auto-exploring this place.
 F = Levels seen in this place.
 G = Mean time per level.
                   A        B        C        D        E       F      G
               +--------+--------+--------+--------+--------+-----+--------+
         Total |   1869 |   1839 |     30 |    114 |   1253 |   3 |  623.0 |
       Dungeon |   1869 |   1839 |     30 |    114 |   1253 |   3 |  623.0 |
               +--------+--------+--------+--------+--------+-----+--------+

Top non-repeatable levels by time:
     D:1: 858 daAuts
     D:2: 737 daAuts
     D:3: 273 daAuts
